 Dungeon Crawl Stone Soup version 0.26-a0-58-g79b31b8662 (webtiles) character file.

Game seed: 2965045954459964054

763 Ozzies the Fighter (level 7, 0/51 HPs)
             Began as a Gargoyle Fighter on June 8, 2020.
             Was a Follower of Okawaru.
             Slain by Prince Ribbit (1 damage)
             ... on level 5 of the Dungeon.
             The game lasted 00:06:58 (4147 turns).

Ozzies the Fighter (Gargoyle Fighter)               Turns: 4147, Time: 00:06:58

Health: 0/51       AC: 16    Str: 21    XL:     7   Next: 81%
Magic:  7/7        EV:  4    Int:  9    God:    Okawaru [*.....]
Gold:   314        SH:  9    Dex:  9    Spells: 6/6 levels left

rFire    . . .     SeeInvis .   a - +0 flail
rCold    . . .     Gourm    .   c - +0 kite shield
rNeg     + . .     Faith    .   t - +0 plate armour
rPois    ∞         Spirit   .   (no helmet)
rElec    +         Reflect  .   (no cloak)
rCorr    .         Harm     .   (no gloves)
MR       .....                  (no boots)
Stlth    ..........             (no amulet)
HPRegen  0.17/turn              (no ring)
MPRegen  0.10/turn              (no ring)

@: mighty
A: negative energy resistance 1, electricity resistance, unbreathing,
petrification resistance, rot immunity, AC +4
a: Heroism, Renounce Religion


You were on level 5 of the Dungeon.
You worshipped Okawaru.
Okawaru was aware of your devotion.
You were very hungry.

You visited 2 branches of the dungeon, and saw 6 of its levels.

You collected 314 gold pieces.

Inventory:

Hand Weapons
 a - a +0 flail (weapon)
 h - a +0 whip
Armour
 b - a +0 scale mail
 c - a +0 kite shield (worn)
 e - a +0 ring mail
 t - a +0 plate armour (worn)
Jewellery
 w - an uncursed amulet of reflection {unknown}
Wands
 p - a wand of polymorph (5)
 x - a wand of acid (10)
Scrolls
 g - 3 scrolls of teleportation {unknown}
 i - 4 scrolls of remove curse
 j - 5 scrolls of identify {unknown}
 k - a scroll of blinking {unknown}
 n - a scroll of fog {unknown}
 o - a scroll of amnesia {unknown}
 q - a scroll of magic mapping {unknown}
 s - 2 scrolls of fear {unknown}
 u - a scroll of immolation {unknown}
Potions
 l - 3 potions of curing {unknown}
 m - a potion of haste {unknown}
 r - a potion of cancellation {unknown}
 v - a potion of brilliance {unknown}
Comestibles
 f - 8 rations


   Skills:
 + Level 9.2 Fighting
 - Level 2.2 Maces & Flails
 - Level 4.0 Armour
 - Level 4.0 Shields


You had 6 spell levels left.
You didn't know any spells.
Your spell library contained the following spells:

 Spells                   Type           Power        Failure   Level  Hunger
 Magic Dart               Conj           #...         100%        1    ##.....
 Blink                    Tloc           N/A          100%        2    ###....
 Call Imp                 Summ           #.......     100%        2    ###....
 Slow                     Hex            #.......     100%        2    ###....
 Conjure Flame            Conj/Fire      #.......     100%        3    ####...
 Mephitic Cloud           Conj/Pois/Air  #.......     100%        3    ####...


Dungeon Overview and Level Annotations

Branches:
Dungeon (5/15)             Temple (1/1) D:4

Altars:
Ashenzari
Dithmenos
Elyvilon
Fedhas
Gozag
Kikubaaqudgha
Makhleb
Nemelex Xobeh
Okawaru
Qazlal
Trog
Vehumet
Yredelemnul

Annotations:
D:5 Prince Ribbit


Innate Abilities, Weirdness & Mutations

You are resistant to torment.
Your stone body is resilient. (AC +4)
You are immune to poison.
You resist negative energy. (rN+)
You are resistant to electric shocks. (rElec)
You can survive without breathing.
You are immune to petrification.
You are immune to rotting.


Message History

The centaur is almost dead.
The centaur hits you.
* * * LOW HITPOINT WARNING * * *
Prince Ribbit blinks!
The centaur hits you but does no damage.
You hit the centaur but do no damage.
The centaur is almost dead.
The centaur completely misses you.
Prince Ribbit blinks!
You block the centaur's attack.
You feel very mighty all of a sudden. Prince Ribbit hits you.
* * * LOW HITPOINT WARNING * * *
The centaur barely misses you. Prince Ribbit hits you.
* * * LOW HITPOINT WARNING * * *
You hit the centaur.
You kill the centaur!
Okawaru accepts your kill.
Your Fighting skill increases to level 9!
Prince Ribbit hits you.
You die...

####### ####.....#
.........# .........#
.....?.).#########
.......@.##......#######
......F((##.####........
.........(..............
..........(.............
....#..###.(...#......##
....#.###..?(..........#
#.#... #................
#.#... #........>...^...
......................


You could see Prince Ribbit.

Vanquished Creatures
  Sigmund (D:3)
  2 centaurs (D:5)
  A bullfrog (D:5)
  A scorpion (D:4)
  2 vampire bats (D:3)
  A crimson imp (D:5)
  A quasit (D:5)
  A bullfrog skeleton (D:5)
  A hound skeleton (D:4)
  2 adders
  3 gnolls (D:4)
  3 adder skeletons (D:4)
  4 worms
  3 dart slugs
  4 leopard geckos
  7 orcs
  10 bats
  3 giant cockroaches
  5 goblins
  7 hobgoblins
  7 jackals (D:2)
  2 quokkas
  5 ball pythons
  7 frilled lizards
  7 kobolds
  6 rats
  A fungus (D:3)
97 creatures vanquished.

Vanquished Creatures (others)
  5 toadstools (D:3)
5 creatures vanquished.

Grand Total: 102 creatures vanquished

Notes
Turn   | Place    | Note
-------+----------+-------------------------------------------
     0 | D:1      | Ozzies the Gargoyle Fighter began the quest for the Orb.
     0 | D:1      | Reached XP level 1. HP: 14/14 MP: 1/1
   462 | D:1      | Reached XP level 2. HP: 19/19 MP: 2/2
   861 | D:1      | Reached XP level 3. HP: 23/23 MP: 3/3
  1351 | D:2      | Found a basalt altar of Yredelemnul.
  1852 | D:3      | Reached skill level 4 in Fighting
  1852 | D:3      | Reached XP level 4. HP: 28/29 MP: 4/4
  2069 | D:3      | Reached skill level 5 in Fighting
  2069 | D:3      | Reached XP level 5. HP: 29/35 MP: 5/5
  2215 | D:3      | Noticed Sigmund
  2225 | D:3      | Killed Sigmund
  2225 | D:3      | Reached skill level 6 in Fighting
  2225 | D:3      | Reached XP level 6. HP: 28/42 MP: 6/6
  2683 | D:4      | Found a staircase to the Ecumenical Temple.
  2704 | Temple   | Entered the Ecumenical Temple
  2816 | Temple   | Became a worshipper of Warmaster Okawaru
  2859 | D:4      | Reached skill level 7 in Fighting
  2860 | D:4      | Found a radiant altar of Vehumet.
  3113 | D:4      | Noticed a moth of wrath
  3116 | D:4      | Found a bloodstained altar of Trog.
  3254 | D:4      | Found a burning altar of Makhleb.
  3254 | D:4      | Found a white marble altar of Elyvilon.
  3417 | D:4      | Reached XP level 7. HP: 40/48 MP: 7/7
  3595 | D:4      | Found a bloodstained altar of Trog.
  3772 | D:5      | Entered Level 5 of the Dungeon
  3873 | D:5      | Reached skill level 8 in Fighting
  4106 | D:5      | Reached * piety under Okawaru
  4131 | D:5      | Noticed Prince Ribbit
  4146 | D:5      | HP: 1/50 [Prince Ribbit (2)]
  4147 | D:5      | Reached skill level 9 in Fighting
  4147 | D:5      | Slain by Prince Ribbit

Illustrated notes

Levels and vault maps discovered:
D:1:      scummos_arrival_checkerplants, layout_loops_ring
D:2:      layout_loops_ring, lemuel_doored_altar
D:3:      cheibrodos_helix_gallery, layout_rooms, first_ration,
          minmay_gold_behind_fungi, roderic_batcave, grunt_ministairs_9,
          uniq_sigmund
D:4:      layout_basic, nicolae_overflow_crystal_walls,
          lemuel_coloured_pillars_altar, amethyst_overflow_temple_binary,
          temple_statues, tgw_trog
D:5:      layout_rooms, uniq_prince_ribbit1
Temple:   minmay_temple_forest_path

Skill      XL: |  1  2  3  4  5  6  7 |
---------------+----------------------+-----
Armour         | 4 |  4.0
Shields        | 4 |  4.0
Fighting       | 4 5 6 7 9 |  9.2
Maces & Flails | |  2.2

Action                   |  1- 3 |  4- 6 |  7- 9 || total
-------------------------+-------+-------+-------++-------
Melee: Flail             |   197 |   207 |    67 ||   471
  Use: Scroll            |       |     1 |       ||     1
       Potion            |       |       |     1 ||     1
  Eat: Chunk             |     2 |     7 |     1 ||    10
Armor: Ring mail         |   145 |   112 |       ||   257
       Plate armour      |       |    13 |    93 ||   106
Dodge: Dodged            |   111 |    86 |    16 ||   213
Block: Kite shield       |   124 |   147 |    57 ||   328

Table legend:
 A = Non-vault XP
 B = Vault XP
 C = Vault XP percentage of total XP
 D = Non-vault monster count
 E = Vault monster count
 F = Vault count percentage of total count
                 A         B        C        D         E       F
            +---------+---------+-------+---------+---------+-------
      Total |     732 |     358 |  32.8 |      78 |      18 |  18.8
            +---------+---------+-------+---------+---------+-------
        D:1 |      47 |       0 |   0.0 |      28 |       0 |   0.0
        D:2 |      24 |       0 |   0.0 |      12 |       0 |   0.0
        D:3 |      39 |     353 |  90.1 |      14 |      13 |  48.1
        D:4 |     164 |       5 |   3.0 |      14 |       5 |  26.3
        D:5 |     458 |       0 |   0.0 |      10 |       0 |   0.0
            +---------+---------+-------+---------+---------+-------
